 Dungeon Crawl Stone Soup version 0.29-a0-1027-gcd8c55af63 (webtiles) character file.

Game seed: 3422636481607929477

397 Turgor the Scratcher (level 6, 0/28 HPs)
             Began as a Felid Transmuter on Aug 10, 2022.
             Slain by a black bear (4 damage)
             ... on level 5 of the Dungeon on Aug 12, 2022.
             The game lasted 00:47:29 (7457 turns).

Turgor the Scratcher (Felid Transmuter)             Turns: 7457, Time: 00:47:30

Health: 0/28       AC:  2    Str:  6    XL:     6   Next: 53%
Magic:  9/12       EV: 19    Int: 16    God:
Gold:   156        SH:  0    Dex: 17    Spells: 9/12 levels left
                                        Lives:  0   Deaths: 2

rFire   . . .      SeeInvis +     - Unarmed
rCold   . . .      Faith    .   (shield unavailable)
rNeg    . . .      Spirit   .   (body armour unavailable)
rPois   .          Reflect  .   (helmet unavailable)
rElec   .          Harm     .   (cloak unavailable)
rCorr   +          Rampage  .   (gloves unavailable)
Will    .....                   (boots unavailable)
Stlth   +++.......              (no amulet)
HPRegen 0.09/turn               f - ring of resist corrosion
MPRegen 0.13/turn               (no ring)

@: appendages, wereblooded, quick
A: horns 2, very small, claws 1, fangs 3, see invisible, speed 1, shaggy fur 2,
stealthy paws, no weapons or thrown items, no armour, multi-lived
a: End Transformation


You were on level 5 of the Dungeon.
You had temporarily grown beastly horns.
You visited 1 branch of the dungeon, and saw 5 of its levels.
You also visited: Sewer.

You collected 264 gold pieces.
You spent 108 gold pieces at shops.

Inventory:

Jewellery
 f - a ring of resist corrosion (left paw)
Wands
 g - a wand of mindburst (6)
Scrolls
 b - a scroll of blinking {unknown}
 e - 2 scrolls of teleportation
 h - 4 scrolls of fog {unknown}
 j - a scroll of enchant weapon {unknown}
 k - a scroll of vulnerability {unknown}
 m - a scroll of amnesia {unknown}
 p - 3 scrolls of noise {unknown}
 q - 2 scrolls of immolation {unknown}
Potions
 a - a potion of lignification
 c - 2 potions of flight
 d - a potion of mutation
 i - a potion of magic
 n - 2 potions of attraction
 o - a potion of ambrosia


   Skills:
 + Level 3.5 Fighting
 + Level 5.2 Dodging
 + Level 4.7 Stealth
 * Level 6.0 Unarmed Combat
 + Level 3.7 Spellcasting
 + Level 4.3 Transmutations


You had 9 spell levels left.
You knew the following spells:

 Your Spells              Type           Power      Damage    Failure   Level
a - Beastly Appendage     Tmut           32%        N/A       3%          1
b - Wereblood             Tmut           16%        N/A       4%          2

Your spell library contained the following spells:

 Spells                   Type           Power      Damage    Failure   Level
 Spider Form              Tmut/Pois      9%         N/A       22%         3
 Ice Form                 Ice/Tmut       9%         N/A       56%         4


Dungeon Overview and Level Annotations

Branches:
Dungeon (5/15)              Sewer (visited)
 Temple: D:4-7

Altars:
Ashenzari
Uskayaw
Wu Jian
Xom

Shops:
D:4 *


Innate Abilities, Weirdness & Mutations

You have temporarily grown beastly horns.
You have sharp claws.
You have razor-sharp teeth.
You have supernaturally acute eyesight. (SInv)
You cover ground quickly. (Speed+)
You are covered in thick fur. (AC +2)
Your paws help you pounce on unaware monsters.
You are incapable of wielding weapons or throwing items.
You cannot wear armour.
You gain extra lives every three experience levels.


Message History

Magic restored.
Your horns disappear.
Your primal bloodlust is almost over.
You open the door.
Found a leather armour.
There is an open door here.
Your primal bloodlust has ended.
You start resting.
A black bear is nearby!
The black bear growls angrily.
There is an open door here.
Casting: Wereblood (safe; 4% risk of failure)
Confirm with . or Enter, or press ? or * to list all spells.
Okay, then.
Casting: Wereblood (safe; 4% risk of failure)
Confirm with . or Enter, or press ? or * to list all spells.
You grow a pair of large bovine horns.
Casting: Beastly Appendage (safe; 3% risk of failure)
Confirm with . or Enter, or press ? or * to list all spells.
Your blood is infused with primal strength.
You claw the black bear! You headbutt the black bear.
The black bear is severely wounded.
The black bear goes berserk!
You scratch the black bear but do no damage.
You bite the black bear, but do no damage.
The black bear is severely wounded.
The black bear bites you! The black bear completely misses you.
The black bear claws you.
You closely miss the black bear. You headbutt the black bear.
Your bite misses the black bear.
The black bear is severely wounded.
The black bear barely misses you. The black bear misses you.
The black bear barely misses you. The black bear closely misses you.
The black bear misses you. The black bear completely misses you.
You barely miss the black bear. You headbutt the black bear.
The black bear is almost dead.
The black bear bites you!
* * * LOW HITPOINT WARNING * * *
The black bear claws you.
You die...

#.# #.##..♣♣♣...♣♣ #.######
#.##.......... .......#
####.##..♣♣♣...♣♣ #.####.#
#.......♣# #♣.♣# #.#
#.##.#..♣ ♣.♣ ..# #.##.#..♣
#♣.♣# #####
#.##.#...♣♣♣...♣♣ .. ...
#####.##.#........... ###
#.. #..h@.##.#.###....#.#
#####..## #.###.##.#.#
##..##.. .... ... #.#
####.#.####..####
..######.####'#### ..###.#
# ..+......h..h....#
###.###>####
..#####..........#
..........## ..#
#..........#######.#####.##
..#
#(........[+....##.#####.##
..#
#..........##......#.......


You could see a black bear (berserk).

Vanquished Creatures
  An orc warrior (D:4)
  A black bear (D:5)
  A phantom (D:5)
  2 bullfrogs (Sewer)
  A scorpion (D:3)
  A jelly (D:5)
  2 orc priests
  A gnoll bouda (D:4)
  A hound (D:5)
  An iguana (D:5)
  3 orc wizards (D:4)
  11 gnolls
  11 adders
  An ufetubus (D:4)
  A worm (D:2)
  6 dart slugs
  11 orcs
  13 ball pythons
  6 bats
  2 endoplasms
  8 giant cockroaches
  4 hobgoblins
  15 jackals
  6 kobolds
  14 quokkas
  16 frilled lizards
  10 goblins
  10 rats
160 creatures vanquished.

Notes
Turn   | Place    | Note
-------+----------+-------------------------------------------
     0 | D:1      | Turgor the Felid Transmuter began the quest for the Orb.
     0 | D:1      | Reached XP level 1. HP: 9/9 MP: 4/4
   177 | D:1      | Reached XP level 2. HP: 12/12 MP: 4/6
   503 | D:1      | Reached skill level 1 in Stealth
   925 | D:1      | Reached XP level 3. HP: 15/15 MP: 5/7
  1094 | D:2      | Learned a level 2 spell: Wereblood
  1827 | D:2      | Reached XP level 4. HP: 15/19 MP: 4/8
  2214 | D:2      | Reached skill level 4 in Unarmed Combat
  2498 | D:3      | Noticed a scorpion
  2507 | D:3      | Reached XP level 5. HP: 19/22 MP: 7/9
  3523 | D:3      | Gained mutation: You are covered in thick fur. (AC +2)
                  | [Felid growth]
  3523 | D:3      | Reached XP level 6. HP: 26/26 MP: 7/11
  3766 | D:3      | Found an ornate altar of the Wu Jian Council.
  3767 | D:3      | Found a hide-covered altar of Uskayaw.
  3768 | D:3      | Found a broken altar of Ashenzari.
  3768 | D:3      | Found a shimmering altar of Xom.
  4158 | D:4      | Found Byeciss's Assorted Antiques.
  4168 | D:4      | Bought a purple potion for 21 gold pieces
  4168 | D:4      | Bought a fuming dark potion for 21 gold pieces
  4168 | D:4      | Bought a smoky green potion for 21 gold pieces
  4168 | D:4      | Bought a puce potion for 21 gold pieces
  4168 | D:4      | Bought a scroll labelled ILE EKKUFIE for 24 gold pieces
  4328 | D:4      | Noticed an orc warrior
  4794 | D:4      | Found a glowing drain.
  4808 | Sewer    | Entered a sewer
  5455 | Sewer    | Reached skill level 5 in Unarmed Combat
  5462 | Sewer    | Reached XP level 7. HP: 21/30 MP: 12/12
  6088 | D:4      | Upgraded the game from 0.29-a0-1019-g84f7d21838 to
                  | 0.29-a0-1023-g6ae1a4a2c7
  6189 | D:4      | Mangled by an orc warrior
  6190 | D:4      | Reached XP level 6. HP: -9/28 MP: 9/11
  6261 | D:4      | Killed an orc warrior
  6591 | D:5      | Entered Level 5 of the Dungeon
  6601 | D:5      | Reached XP level 7. HP: 31/31 MP: 10/13
  6619 | D:5      | Reached skill level 5 in Dodging
  6795 | D:5      | Reached skill level 6 in Unarmed Combat
  7179 | D:5      | Slain by a black bear
  7180 | D:5      | Reached XP level 6. HP: 0/28 MP: 11/12
  7180 | D:5      | Upgraded the game from 0.29-a0-1023-g6ae1a4a2c7 to
                  | 0.29-a0-1027-gcd8c55af63
  7379 | D:5      | Noticed a vampire mosquito
  7379 | D:5      | Noticed a vampire mosquito
  7457 | D:5      | Slain by a black bear

Illustrated notes

Levels and vault maps discovered:
D:1:      minmay_arrival_shattered_statue, layout_basic
D:2:      minmay_chambers_of_ones, layout_basic
D:3:      minmay_door_path, layout_loops_ring, mainiacjoe_overflow_alcove_3,
          kennysheep_generic_room_11
D:4:      layout_basic, serial_shops, nicolae_shop_waterfront,
          gup_sewer_entry_pipe
D:5:      layout_basic, grunt_decor_mini_mirrors, minmay_stone_trees_large

Skill      XL: |  1  2  3  4  5  6  7 |
---------------+----------------------+-----
Stealth        | 1 2 4 |  4.7
Dodging        | 3 4 5 |  5.2
Unarmed Combat | 4 5 6 |  6.0
Fighting       | 2 3 |  3.5
Transmutations | 3 4 |  4.3
Spellcasting   | 3 |  3.7

Action                   |  1- 3 |  4- 6 |  7- 9 || total
-------------------------+-------+-------+-------++-------
Melee: Unarmed           |    88 |   287 |    76 ||   451
       Headbutt          |    14 |    47 |    16 ||    77
       Bite              |     7 |    33 |    10 ||    50
       Punch             |     1 |    11 |     3 ||    15
 Cast: Beastly Appendage |    28 |    53 |    12 ||    93
       Wereblood         |       |    41 |     9 ||    50
Evoke: Wand              |       |     3 |       ||     3
  Use: Scroll            |       |     5 |     4 ||     9
       Potion            |       |     1 |       ||     1
 Stab: Sleeping          |     6 |     6 |       ||    12
Armor: Skin              |     5 |    13 |     5 ||    23
Dodge: Dodged            |    57 |   201 |    59 ||   317

Table legend: (Time is in decaauts)
 A = Elapsed time spent in this place.
 B = Non-inter-level travel time spent in this place.
 C = Inter-level travel time spent in this place.
 D = Time resting spent in this place.
 E = Time spent auto-exploring this place.
 F = Levels seen in this place.
 G = Mean time per level.
                   A        B        C        D        E       F      G
               +--------+--------+--------+--------+--------+-----+--------+
         Total |   6682 |   6528 |    154 |   1429 |   2626 |   6 | 1113.7 |
       Dungeon |   5703 |   5549 |    154 |   1080 |   2417 |   5 | 1140.6 |
         Sewer |    978 |    978 |      0 |    349 |    209 |   1 |  978.0 |
               +--------+--------+--------+--------+--------+-----+--------+

Top non-repeatable levels by time:
     D:2: 1409 daAuts
     D:4: 1365 daAuts
     D:3: 1247 daAuts
   Sewer: 978 daAuts
     D:1: 933 daAuts
     D:5: 747 daAuts
